 Dungeon Crawl Stone Soup version 0.18.1-8-gdd0e5ea (webtiles) character file.

112 Shearov the Skirmisher (level 5, 0/43 HPs)
             Began as a Formicid Abyssal Knight on June 1, 2016.
             Was a Believer of Lugonu.
             Succumbed to Crazy Yiuf's poison
             ... on level 3 of the Dungeon.
             The game lasted 00:05:56 (1859 turns).

Shearov the Skirmisher (Formicid Abyssal Knight)    Turns: 1859, Time: 00:05:56

Health: 0/43       AC: 11    Str: 16 (17) XL:     5   Next: 16%
Magic:  6/6        EV: 10    Int: 10 (12) God:    Lugonu [**....]
Gold:   136        SH:  0    Dex: 15      Spells: 0 memorised, 4 levels left

rFire  . . .     SeeInvis +     a - +1 mace
rCold  . . .     Gourm    .     n - +0 plate armour
rNeg   . . .     Faith    .     (no shield)
rPois  .         Spirit   .     (helmet unavailable)
rElec  .         Dismiss  .     (no cloak)
rCorr  .         Reflect  .     (no gloves)
SustAt .         Harm     .     (no boots)
MR     .....                    (no amulet)
Stlth  ..........               (no ring)
                                (no ring)

@: agile, lethally poisoned (0 -> -2), not resistant to hostile enchantments,
extremely unstealthy
A: permanent stasis, dig shafts and tunnels, four strong arms, antennae 3
a: Dig, Shaft Self, Depart the Abyss, Bend Space, Renounce Religion


You were on level 3 of the Dungeon.
You worshipped Lugonu.
Lugonu was pleased with you.
You were hungry.

You visited 1 branch of the dungeon, and saw 3 of its levels.
You visited the Abyss 1 time.

You collected 136 gold pieces.

Inventory:

Hand Weapons
 a - a +1 mace (weapon)
Armour
 b - a +0 leather armour
 n - a +0 plate armour (worn)
Scrolls
 f - 4 scrolls of identify
 k - a scroll of enchant armour
Comestibles
 c - a bread ration
 g - 3 fruits
 j - 2 beef jerkies
 m - a meat ration
 o - 2 chunks of flesh


   Skills:
 * Level 4.8 Fighting
 + Level 2.5 Maces & Flails
 * Level 3.0 Armour
 + Level 1.5 Dodging
 + Level 0.3 Stealth
 + Level 2.3 Invocations


You had 4 spell levels left.
You didn't know any spells.

Dungeon Overview and Level Annotations

Branches:
Dungeon (3/15)

Altars:
Gozag
Trog


Innate Abilities, Weirdness & Mutations

You are under a permanent stasis effect.
You can dig through walls and to a lower floor.
Your four strong arms can wield two-handed weapons with a shield.
You have a pair of large antennae on your head (SInv).


Message History

As you read the scroll labeled SOLAEBB PONED, it crumbles to dust.
You assume a fearsome visage.
Nothing appears to happen.
It was a scroll of fear.
* * * LOW HITPOINT WARNING * * *
You feel sick.
Things that are here:
a quarterstaff of chaos; a cloak You close the door.
There is a lethal amount of poison in your body!
There is a lethal amount of poison in your body!
There is a lethal amount of poison in your body!
There is a lethal amount of poison in your body!
There is a lethal amount of poison in your body!
Read which item? (? for menu, Esc to quit)
As you read the scroll labeled SODISO ONGAB, it crumbles to dust.
Formicids cannot teleport.
It was a scroll of blinking.
Read which item? (? for menu, Esc to quit)
As you read the scroll labeled YSERUPL ERROBE, it crumbles to dust.
You feel a strange sense of stasis.
It was a scroll of teleportation.
You die...

##### #)..#
#...# #.@.#
##+## ♣.♣♣
#.##.....
♣♣.♣
#..>....###
♣.♣♣
#.........#
♣♣.♣
#..........
♣♣.♣♣
#..........
♣♣...♣
#.........#
♣....♣
#.........#


There were no monsters in sight!

Vanquished Creatures
  Crazy Yiuf (D:3)
  3 adders (D:2)
  A worm (D:2)
  2 dart slugs (D:1)
  3 giant geckos
  2 giant cockroaches (D:2)
  6 goblins
  5 hobgoblins
  6 kobolds
  6 bats
  2 giant newts (D:1)
  11 rats
48 creatures vanquished.

Notes
Turn   | Place    | Note
--------------------------------------------------------------
     0 | Abyss:1  | Shearov the Formicid Abyssal Knight began the quest for the Orb.
     0 | Abyss:1  | Reached XP level 1. HP: 18/18 MP: 2/2
   105 | Abyss:1  | Noticed an orange demon
   106 | D:1      | Escaped the Abyss
   136 | D:1      | Reached * piety under Lugonu
   136 | D:1      | Reached XP level 2. HP: 22/25 MP: 3/3
   500 | D:1      | Reached skill level 4 in Fighting
   764 | D:2      | Reached XP level 3. HP: 24/30 MP: 4/4
   979 | D:2      | Reached ** piety under Lugonu
  1000 | D:2      | Reached skill level 1 in Dodging
  1030 | D:2      | Found a bloodstained altar of Trog.
  1035 | D:2      | Reached XP level 4. HP: 29/38 MP: 5/5
  1134 | D:2      | Found an opulent altar of Gozag.
  1839 | D:3      | Noticed Crazy Yiuf
  1852 | D:3      | Killed Crazy Yiuf
  1852 | D:3      | Reached XP level 5. HP: 2/43 MP: 6/6
  1852 | D:3      | HP: 1/43 [poisoned by Crazy Yiuf]
  1859 | D:3      | Succumbed to Crazy Yiuf's poison

Skill      XL: |  1  2  3  4 |
---------------+-------------+-----
Fighting       | 4 |  4.8
Dodging        | 1 |  1.5
Armour         | 3 |  3.0
Maces & Flails | |  2.5
Stealth        | |  0.3
Invocations    | |  2.3

Action                   |  1- 3 |  4- 6 || total
-------------------------+-------+-------++-------
Melee: Mace              |    85 |    75 ||   160
Invok: Depart the Abyss  |     1 |       ||     1
  Use: Potion            |     2 |     2 ||     4
       Scroll            |       |     5 ||     5
  Eat: Chunk             |     1 |     2 ||     3
Armor: Leather armour    |    34 |    14 ||    48
       Plate armour      |       |    29 ||    29
Dodge: Dodged            |    61 |    58 ||   119
